 Dungeon Crawl Stone Soup version 0.30-a0-377-g5cb311bc9f (webtiles) character file.

Game seed: 14420970330860182238

2 sleeves the Conjurer (level 1, -2/16 HPs)
             Began as a Demonspawn Reaver on Nov 28, 2022.
             Killed from afar by a dart slug (5 damage)
             ... with a slug dart
             ... on level 1 of the Dungeon.
             The game lasted 00:00:11 (94 turns).

sleeves the Conjurer (Demonspawn Reaver)              Turns: 94, Time: 00:00:12

Health: -2/16      AC:  3    Str: 12    XL:     1   Next: 25%
Magic:  3/3        EV: 11    Int: 14    God:
Gold:   0          SH:  0    Dex: 11    Spells: 3/4 levels left

rFire   . . .      SeeInvis .    a - +0 spear
rCold   . . .      Faith    .    (no shield)
rNeg    . . .      Spirit   .    b - +0 leather armour
rPois   .          Reflect  .    (no helmet)
rElec   .          Harm     .    (no cloak)
rCorr   .          Rampage  .    (no gloves)
Will    .....                    (no boots)
Stlth   +.........               (no amulet)
HPRegen 0.22/turn                (no ring)
MPRegen 0.08/turn                (no ring)

@: no status effects
A: no striking features
a: no special abilities


You were on level 1 of the Dungeon.
You visited 1 branch of the dungeon, and saw 1 of its levels.

Inventory:

Hand Weapons
 a - a +0 spear (weapon)
Armour
 b - a +0 leather armour (worn)
 e - a +0 ring mail
   (You found it on level 1 of the Dungeon)
Scrolls
 c - a scroll of amnesia {unknown}
Potions
 d - a potion of curing {unknown}


   Skills:
 - Level 2.0 Fighting
 + Level 2.8 Polearms
 - Level 1.7 Dodging
 - Level 2.0 Spellcasting
 - Level 3.0 Conjurations


You had 3 spell levels left.
You knew the following spells:

 Your Spells              Type           Power      Damage    Failure   Level
a - Kiss of Death         Conj/Necr      20%        2d7       16%         1

Your spell library contained the following spells:

 Spells                   Type           Power      Damage    Failure   Level
 Momentum Strike          Conj/Tloc      10%        3d8       24%         2
 Hailstorm                Conj/Ice       5%         3d4       43%         3


Dungeon Overview and Level Annotations

Branches:
Dungeon (1/15)

Altars:


Message History

Welcome, sleeves the Demonspawn Reaver.
The legendary Orb of Zot lies far below, as if waiting for you to find it.
Press ? for a list of commands and other information.
Found a staircase leading out of the dungeon.
Unknown command.
You open the door.
There is an open door here.
Found 5 stones.
Found a sling.
A rat comes into view.
A rat is nearby!
You reach to attack!
You barely miss the rat.
You reach to attack!
You hit the rat but do no damage. You hit the rat.
You kill the rat!
No target in view!
No target in view!
No target in view!
c - a scroll labelled SOTAISK OSULYA
Found a ring mail.
A bat comes into view.
Found an escape hatch in the floor.
The bat hits you but does no damage.
You closely miss the bat. The bat hits you but does no damage.
You reach to attack!
You barely miss the bat. The bat closely misses you.
You barely miss the bat. The bat misses you.
You reach to attack!
You closely miss the bat. The bat barely misses you.
You reach to attack!
You hit the bat.
The bat is severely wounded.
The bat closely misses you.
You reach to attack!
You miss the bat.
The bat is severely wounded.
The bat barely misses you.
You hit the bat.
You kill the bat!
d - a dark potion You see here a bat corpse.
A dart slug comes into view.
You see here 12 gold pieces.
A dart slug is nearby!
The dart slug launches a dart at you. The slug dart hits you.
The dart slug launches a dart at you. The slug dart hits you.
You are too injured to fight recklessly!
You are too injured to fight recklessly!
You are too injured to fight recklessly!
You are too injured to fight recklessly!
You are too injured to fight recklessly!
You are too injured to fight recklessly!
You are too injured to fight recklessly!
You are too injured to fight recklessly!
You are too injured to fight recklessly!
You are too injured to fight recklessly!
You are too injured to fight recklessly!
You are too injured to fight recklessly!
You are too injured to fight recklessly!
You are too injured to fight recklessly!
You are too injured to fight recklessly!
You are too injured to fight recklessly!
You are too injured to fight recklessly!
You see here 12 gold pieces.
The dart slug briefly extends its eye-stalks.
The dart slug launches a dart at you. The slug dart hits you.
* * * LOW HITPOINT WARNING * * *
A dart slug comes into view.
You see here a +0 ring mail.
e - a +0 ring mail
Found 10 gold pieces.
The dart slug launches a dart at you. The slug dart hits you.
* * * LOW HITPOINT WARNING * * *
The dart slug launches a dart at you. The slug dart hits you.
* * * LOW HITPOINT WARNING * * *
The dart slug launches a dart at you. The slug dart hits you.
You die...

#.##.##.#
##.##.##.###########..
#.###........w.....$.....w
#...............#######...
#...##.##.##.##.## ..
.....w>............###### .
.............†..........#
..................####.##
...........@###.#...##.#
......##.#....#.#.#.##.#
.....#..+....+.#.#....###+#
$....##.#....#.#...........
.. .......#.#...........
#......# #......)....
...#..... #...........
......###.#...........
##....... #.###+####+#


You could see 2 dart slugs.

Vanquished Creatures
  A bat (D:1)
  A rat (D:1)
2 creatures vanquished.

Notes
Turn   | Place    | Note
-------+----------+-------------------------------------------
     0 | D:1      | sleeves the Demonspawn Reaver began the quest for the Orb.
     0 | D:1      | Reached XP level 1. HP: 16/16 MP: 3/3
    75 | D:1      | HP: 8/16 [dart slug/slug dart (3)]
    92 | D:1      | HP: 7/16 [dart slug/slug dart (5)]
    94 | D:1      | HP: 3/16 [dart slug/slug dart (4)]
    94 | D:1      | Killed from afar by a dart slug

Illustrated notes

Levels and vault maps discovered:
D:1:      heliophobic_arrival_ceremonial_halls, layout_basic, serial_shops,
          shop_fountains, ebering_ecumenical_altar_rust, st_stairs_14,
          hangedman_abyss_or_decor_stabs

Action                   || total
-------------------------++-------
Melee: Spear             ||    10
Armor: Leather armour    ||     2
Dodge: Dodged            ||     5

Table legend: (Time is in decaauts)
 A = Elapsed time spent in this place.
 B = Non-inter-level travel time spent in this place.
 C = Inter-level travel time spent in this place.
 D = Time resting spent in this place.
 E = Time spent auto-exploring this place.
 F = Levels seen in this place.
 G = Mean time per level.
                   A        B        C        D        E       F      G
               +--------+--------+--------+--------+--------+-----+--------+
         Total |     93 |     93 |      0 |      0 |     51 |   1 |   93.0 |
       Dungeon |     93 |     93 |      0 |      0 |     51 |   1 |   93.0 |
               +--------+--------+--------+--------+--------+-----+--------+

Top non-repeatable levels by time:
     D:1: 93 daAuts
